AoeStats
← YeomaN8162

Enclosed

504404140Analyzed
1v1 RM · 28d ago on Sep 5, 2026· 20m 11s· 2 players
Game mode
Random Map
Map size
Tiny (2 player)
Population
200
Speed
Normal
Resources
Standard
Victory
Conquest
Starting age
Dark Age
Ending age
Imperial Age
RankedLock teamsTeams togetherTeam positionsShared explorationLock speedFull tech treeHidden civsTurbo modeCheats
Victory
Defeat
🇨🇷 Persians · Costa Rica
1327
+19
🇬🇧 Poles · United Kingdom
1389
-19
aldeano_negro
8:20 Feudal Age
8:54 Double-Bit Axe
9:29 Horse Collar
15:47 Town Watch
18:31 Castle Age
16:43 Gold Mining
17:27 Scale Barding Armor
18:22 Forging
18:46 Bloodlines
YeomaN8162
8:25 Loom
10:29 Feudal Age
16:20 Castle Age
14:14 Double-Bit Axe
17:10 Scale Barding Armor
Connection lost

Rejoining the realm…

Still unreachable

The connection could not be restored.

Session expired

The server has moved on; the page needs a fresh start.